 Dungeon Crawl Stone Soup version 0.28.0-45-g0d030f2227 (webtiles) character file.

Game seed: 7741203752259533178

62 selver the Shield-Bearer (level 3, -1/31 HPs)
             Began as a Minotaur Fighter on Apr 14, 2022.
             Slain by a gnoll
             ... wielding a +0 halberd
              (6 damage)
             ... on level 2 of the Dungeon.
             The game lasted 00:02:29 (1434 turns).

selver the Shield-Bearer (Minotaur Fighter)         Turns: 1434, Time: 00:02:30

Health: -1/31      AC:  6    Str: 20    XL:     3   Next: 85%
Magic:  2/2        EV:  9    Int:  7    God:
Gold:   79         SH:  4    Dex:  9    Spells: 2/2 levels left

rFire   . . .      SeeInvis .   a - +0 flail
rCold   . . .      Faith    .   c - +0 buckler
rNeg    . . .      Spirit   .   b - +0 scale mail
rPois   .          Reflect  .   (helmet restricted)
rElec   .          Harm     .   (no cloak)
rCorr   .          Rampage  .   (no gloves)
Will    .....                   (no boots)
Stlth   ..........              (no amulet)
HPRegen 0.10/turn               (no ring)
MPRegen 0.08/turn               (no ring)

@: mighty
A: horns 2, retaliatory headbutt
a: no special abilities


You were on level 2 of the Dungeon.
You visited 1 branch of the dungeon, and saw 2 of its levels.

You collected 79 gold pieces.

Inventory:

Hand Weapons
 a - a +0 flail (weapon)
Armour
 b - a +0 scale mail (worn)
 c - a +0 buckler (worn)
Jewellery
 f - a +6 ring of dexterity
Scrolls
 e - a scroll of vulnerability {unknown}
 g - a scroll of identify {unknown}
 j - 2 scrolls of amnesia {unknown}
 l - a scroll of silence {unknown}
Potions
 h - a potion of heal wounds {unknown}
 i - 2 potions of flight {unknown}
 k - a potion of brilliance {unknown}
 m - a potion of berserk rage {unknown}
 n - a potion of curing {unknown}


   Skills:
 - Level 3.6 Fighting
 * Level 4.4 Maces & Flails
 - Level 3.6 Armour
 + Level 4.4 Shields


You had 2 spell levels left.
You didn't know any spells.
Your spell library contained the following spells:

 Spells                   Type           Power      Damage    Failure   Level
 Ensorcelled Hibernation  Hex/Ice        0%         N/A       95%         2
 Passwall                 Tmut/Erth      0%         N/A       95%         2
 Swiftness                Air            0%         N/A       99%         3


Dungeon Overview and Level Annotations

Branches:
Dungeon (2/15)

Altars:


Innate Abilities, Weirdness & Mutations

You have a pair of horns on your head.
You reflexively headbutt those who attack you in melee.


Message History

There is an escape hatch in the floor here.
An adder comes into view. 2 gnolls come into view.
The gnoll shouts! x2
A gnoll comes into view. It is wielding a +0 halberd.
You closely miss the adder.
The gnoll shouts!
Your headbutt misses the adder.
You hear a shout!
The adder bites you but does no damage.
A gnoll comes into view. It is wielding a +0 halberd.
The adder bites you.
You closely miss the adder. The adder bites you.
You are poisoned.
The adder poisons you! The adder bites you.
You completely miss the adder.
You feel sick. You block the adder's attack.
You barely miss the adder. You headbutt the adder.
The adder is heavily wounded.
You feel sick. The adder bites you. The adder barely misses you.
You furiously retaliate!
You headbutt the adder!
You kill the adder!
You feel sick.
You feel sick.
You are no longer poisoned.
There is an escape hatch in the floor here.
You feel very mighty all of a sudden. The gnoll hits you with a +0 halberd.
The gnoll hits you from afar with a +0 halberd.
You are too injured to fight recklessly!
You are too injured to fight recklessly!
You are too injured to fight recklessly!
You barely miss the gnoll. Your headbutt misses the gnoll.
You block the gnoll's attack. The gnoll hits you but does no damage.
You block the gnoll's attack.
You hit the gnoll.
The gnoll is lightly wounded.
The gnoll hits you from afar with a +0 halberd!
* * * LOW HITPOINT WARNING * * *
The gnoll hits you with a +0 halberd.
You die...

#..................#.#
#..###.#...............
####.# #....#....# #....
.#.....#####..#....# ##....
........## #.....#..##.....
.........# #.....##....#)..
.........# #.#....###......
.....(..g###.#..#....#...).
........gg@>...............
........g###....####.......
........## ###.........#...
.#.....## #....##...#...
###### #..........##.
#...........#.
#............#
#............#
#............#


You could see 4 gnolls.

Vanquished Creatures
  2 adders (D:2)
  2 endoplasms
  A giant cockroach (D:1)
  3 goblins (D:1)
  4 hobgoblins
  4 jackals (D:1)
  A quokka (D:1)
  4 ball pythons
  6 bats (D:1)
  3 frilled lizards
  7 kobolds
  5 rats
42 creatures vanquished.

Notes
Turn   | Place    | Note
-------+----------+-------------------------------------------
     0 | D:1      | selver the Minotaur Fighter began the quest for the Orb.
     0 | D:1      | Reached XP level 1. HP: 19/19 MP: 0/0
   197 | D:1      | Reached XP level 2. HP: 23/26 MP: 1/1
   665 | D:1      | Reached XP level 3. HP: 31/31 MP: 2/2
  1434 | D:2      | Slain by a gnoll

Illustrated notes

Levels and vault maps discovered:
D:1:      dpeg_arrival_simpleton_b, layout_basic, serial_forest,
          infiniplex_forest_straight_5, infiniplex_forest_lined_3,
          infiniplex_forest_lined_corner, infiniplex_forest_lined_2,
          infiniplex_forest_end_1, infiniplex_forest_lined_3
D:2:      layout_rooms

Skill      XL: |  1  2  3 |
---------------+----------+-----
Maces & Flails | 3 4 |  4.4
Shields        | 4 |  4.4
Fighting       | |  3.6
Armour         | |  3.6

Action                   || total
-------------------------++-------
Melee: Flail             ||    95
       Headbutt          ||     9
  Use: Potion            ||     1
Armor: Scale mail        ||    38
Dodge: Dodged            ||    53
Block: Buckler           ||    14
